 Dungeon Sprint DCSS version 0.17-a0-2127-g1cb09f6 (webtiles) character file.

347 Kidiri the Covert (level 6, -9/28 HPs)
             Began as a Spriggan Enchanter on Oct 22, 2015.
             Was an Initiate of Dithmenos.
             Mangled by a spatial vortex (22 damage)
             ... in the Dungeon (Sprint III: "The Ten Rune Challenge").
             The game lasted 00:02:13 (234 turns).

Kidiri the Covert (Spriggan Enchanter)               Turns: 234, Time: 00:02:15

Health: -9/28      AC:  3    Str:  4    XL:     6   Next: 32%
Magic:  0/17       EV: 25    Int: 17    God:    Dithmenos [......]
Gold:   12         SH:  0    Dex: 18    Spells: 5 memorised, 7 levels left

rFire  . . .     SeeInvis +     l - +0 dagger (venom)
rCold  . . .     Clarity  .     b - +1 robe
rNeg   . . .     SustAt   .     (shield restricted)
rPois  .         Gourm    .     (helmet restricted)
rElec  .         Spirit   .     (no cloak)
rCorr  .         Warding  .     (gloves unavailable)
rMut   .         NoTele   +     (boots unavailable)
MR     +....                    (no amulet)
Stlth  +++++.....               (no ring)
                                (no ring)

@: very slightly contaminated, very quick, somewhat resistant to hostile
enchantments, quite stealthy
A: unfitting armour, horns 1, see invisible, herbivore 3, speed 3, slow
regeneration 1, slow metabolism 2, evolution 1
a: Renounce Religion


You were in the Dungeon.
You worshipped Dithmenos.
Dithmenos was noncommittal.
You were not hungry.

You visited 1 branch You collected 12 gold pieces.

Inventory:

Hand Weapons
 l - a +0 dagger of venom (weapon)
Armour
 b - a +1 robe (worn)
Scrolls
 j - a scroll of blinking
 n - 2 scrolls of holy word {unknown}
 p - 3 scrolls of remove curse
 s - a scroll of magic mapping {unknown}
Potions
 e - a potion of curing
 f - a potion of heal wounds
 g - a potion of haste
 h - 2 potions of magic
 i - a potion of berserk rage
 q - 2 potions of cure mutation
 r - 2 potions of flight
 u - a potion of resistance
 v - a potion of agility {unknown}
Comestibles
 d - 2 bread rations
 t - 2 royal jellies


   Skills:
 * Level 6.2 Short Blades
 + Level 2.8 Armour
 * Level 8.6 Dodging
 * Level 9.5 Stealth
 * Level 7.3 Spellcasting
 + Level 2.3 Conjurations
 + Level 5.8 Hexes
 + Level 2.6 Ice Magic
 + Level 0.0 Invocations


You had 7 spell levels left.
You knew the following spells:

 Your Spells              Type           Power        Failure   Level  Hunger
a - Corona                Hex            ####...      1%          1    None
b - Ensorcelled Hibernat  Hex/Ice        ###...       2%          2    None
c - Confuse               Hex            ####....     3%          3    ##.....
d - Tukima's Dance        Hex            ####....     3%          3    ##.....
e - Dazzling Spray        Conj/Hex       ###.....     10%         3    ##.....


Dungeon Overview and Level Annotations

Branches:
Dungeon (1/1)

Altars:
Dithmenos
Gozag
Makhleb
Nemelex Xobeh
Qazlal
Ru
Xom
Jiyva
Lugonu


Innate Abilities, Weirdness & Mutations

You are tiny and cannot use many weapons and most armour.
You have supernaturally acute eyesight.
You are a herbivore.
You cover ground extremely quickly.
You need consume almost no food.
You have a pair of small horns on your head.
You regenerate slowly when monsters are visible.
You evolve.


Message History

The spray of energy hits the spatial vortex.
The spatial vortex is heavily damaged.
You hit the spatial vortex.
The spatial vortex is heavily damaged.
The spatial vortex closely misses you.
You hit the spatial vortex. You headbutt the spatial vortex.
The spatial vortex is severely damaged.
The spatial vortex completely misses you.
Casting: Dazzling Spray
Confirm with . or Enter, or press ? or * to list all spells.
Aiming: Dazzling Spray
Press: ? - help, Shift-Dir - straight line, f/p - spatial vortex
Aim: a spatial vortex (severely damaged)
The spray of energy hits the spatial vortex.
The spatial vortex is severely damaged.
The spatial vortex hits you!
Ouch! That really hurt!
Space warps horribly around you!
Ouch! That really hurt!
You die...

#### ##.# ...#####..#
....#!.#..#
#..%#..#..###+#+###+##
##..##+#..#..........#
##..###.%.'.⌠........#
#..####...#...######'#
#..###....#.⌠.#_v#...#
[..##.....#...#_@#...#
...#......#+###__#...#
.##.#.....# #__#...+
.#####....# #_.'...#
▓▓ ▓▓▓▓▓▓ ▓▓▓▓▓▓▓▓


You could see a spatial vortex.

Vanquished Creatures
  A shadow (D)
  A water elemental (D)
  A scorpion (D)
  A jelly (D)
  Jessica (D)
  A human (D)
  An ooze (D)
  2 rats (D)
9 creatures vanquished.

Vanquished Creatures (others)
  A draconian scorcher (D)
  A yaktaur (D)
  A fire drake (D)
  A plant (D)
4 creatures vanquished.

Grand Total: 13 creatures vanquished

Notes
Turn   | Place    | Note
--------------------------------------------------------------
     0 | D        | Kidiri the Spriggan Enchanter began the quest for the Orb.
     0 | D        | Reached XP level 1. HP: 9/9 MP: 5/5
    56 | D        | Noticed Jessica
    64 | D        | Killed Jessica
    64 | D        | Reached skill level 1 in Armour
    64 | D        | Reached skill level 5 in Stealth
    64 | D        | Reached XP level 2. HP: 13/13 MP: 6/8
    64 | D        | Reached XP level 3. HP: 16/16 MP: 6/9
    68 | D        | Learned a level 2 spell: Ensorcelled Hibernation
    72 | D        | Learned a level 3 spell: Confuse
    76 | D        | Learned a level 3 spell: Dazzling Spray
    96 | D        | Noticed a scorpion
    99 | D        | Killed a scorpion
    99 | D        | Reached skill level 5 in Dodging
    99 | D        | Reached skill level 6 in Stealth
    99 | D        | Reached skill level 5 in Spellcasting
    99 | D        | Reached XP level 4. HP: 21/21 MP: 10/12
   103 | D        | Reached skill level 7 in Stealth
   103 | D        | Reached skill level 1 in Conjurations
   103 | D        | Reached skill level 1 in Ice Magic
   105 | D        | Killed a yaktaur
   108 | D        | Learned a level 3 spell: Tukima's Dance
   127 | D        | Gained mutation: You have a pair of small horns on your head. [potion of mutation]
   127 | D        | Gained mutation: You regenerate slowly when monsters are visible. [potion of mutation]
   127 | D        | Gained mutation: You evolve. [potion of mutation]
   137 | D        | Noticed a water elemental
   139 | D        | Killed a water elemental
   139 | D        | Reached XP level 5. HP: 24/24 MP: 14/14
   151 | D        | Noticed a jelly
   152 | D        | Noticed a shadow
   154 | D        | Killed a shadow
   154 | D        | Reached skill level 8 in Dodging
   154 | D        | Reached skill level 9 in Stealth
   154 | D        | Reached skill level 5 in Hexes
   154 | D        | Reached XP level 6. HP: 28/28 MP: 15/17
   157 | D        | Killed a jelly
   184 | D        | Killed a white draconian scorcher
   220 | D        | Found a stormy altar of Qazlal.
   221 | D        | Found a sacrificial altar of Ru.
   221 | D        | Found a burning altar of Makhleb.
   221 | D        | Found a viscous altar of Jiyva.
   221 | D        | Found a shimmering altar of Xom.
   221 | D        | Found a shadowy altar of Dithmenos.
   221 | D        | Found a sparkling altar of Nemelex Xobeh.
   221 | D        | Found a corrupted altar of Lugonu.
   221 | D        | Found an opulent altar of Gozag.
   221 | D        | Noticed a spatial vortex
   226 | D        | Became a worshipper of Dithmenos the Shadowed
   232 | D        | Killed a fire drake
   234 | D        | Mangled by a spatial vortex

Vault maps used:
D:        dungeon_sprint_mu

Action                   |  1- 3 |  4- 6 || total
-------------------------+-------+-------++-------
Melee: Dagger            |    11 |     6 ||    17
 Cast: Dazzling Spray    |       |     5 ||     5
       Ensorcelled Hiber |       |     1 ||     1
  Use: Scroll            |       |     2 ||     2
       Potion            |       |     2 ||     2
 Stab: Sleeping          |     4 |     4 ||     8
